[Event "*** Titled Tuesday Blitz"]
[Site "Chess.com"]
[Date "2020.12.01"]
[Round "8"]
[White "OlifantCZ"]
[Black "AldokhinIvan"]
[Result "0-1"]
[WhiteElo "2250"]
[BlackElo "2501"]
[TimeControl "180+1"]
[EndTime "11:25:15 PST"]
[Termination "AldokhinIvan won by resignation"]

1. c4 Nf6 2. g3 g6 3. Bg2 d6 4.
Nc3 Bg7 5. e4 e5 6. Nge2 O-O 7.
O-O Nc6 8. d3 Nd7 9. f4 f5 10.
exf5 Rxf5 11. Bh3 Rf8 12. Be6+ Kh8 13. Nd5 Nc5 14. Bxc8 Rxc8 15. fxe5 dxe5 16. Nec3 Nd4 17. Be3 c6 18. Nb4 a5 19. Nc2 Nxd3 20. Bxd4 Nxb2 21.
Qg4 exd4 22. Ne4 d3 23. Ne3 Qd4 24. Rae1 Nxc4 25. Nf2 Nxe3 0-1

[Event "*** Titled Tuesday Blitz"]
[Site "Chess.com"]
[Date "2020.12.01"]
[Round "8"]
[White "Supernotar"]
[Black "IMVoja"]
[Result "1-0"]
[WhiteElo "2776"]
[BlackElo "2478"]
[TimeControl "180+1"]
[EndTime "11:25:16 PST"]
[Termination "Supernotar won by resignation"]

1. d4 e6 2. c4 f5 3. Nf3 Nf6 4. g3 d5 5. Bg2 c6 6. O-O Bd6 7. b3 Qe7 8. a4 a5 9. Ba3 Bxa3 10. Nxa3 O-O 11. Nc2 b6 12. Nce1 Ba6 13. Qc1 Nbd7 14. Nd3 Rac8 15. Ra2 c5 16. cxd5 Nxd5 17. dxc5 Nxc5 18.
Nxc5 Rxc5 19. Qa3 Rfc8 20. Rd2 Nb4 21. Rfd1 Nd5 22. Ne5 Bb7 23. e4 fxe4 24. Bxe4 Qc7 25. Nc4 Nf6 26. Bxb7 Qxb7 27. Nd6 Qf3 28. Nxc8 Rxc8 29.
Qe7 h5 30. Qxe6+ Kh7 31. Qxc8 Ne4 32. Qc2 g6 33. Qc7+ Kh6 34. Qf4+ Qxf4 35. gxf4 1-0

[Event "*** Titled Tuesday Blitz"]
[Site "Chess.com"]
[Date "2020.12.01"]
[Round "8"]
[White "Mbneu"]
[Black "chessmadara"]
[Result "1-0"]
[WhiteElo "2319"]
[BlackElo "2186"]
[TimeControl "180+1"]
[EndTime "11:25:17 PST"]
[Termination "Mbneu won by checkmate"]

1. d4 Nf6 2. c4 g6 3. Nc3 d5 4. cxd5 Nxd5 5. g3 Bg7 6. Bg2 Nxc3 7. bxc3 c5 8. e3 O-O 9. Ne2 Nc6 10. O-O Bg4 11. h3 Bxe2 12. Qxe2 cxd4 13. cxd4 e5 14. d5 e4 15. dxc6 Bxa1 16. cxb7 Rb8 17. Ba3 Re8 18. Rxa1 Rxb7 19. Bc5 Qd5 20. Bd4 Rc7 21.
Qg4 f5 22. Qg5 Re6 23. Rb1 Rc8 24. Kh2 Qxa2 25. Rb7 Qxf2 26. Rg7+ Kf8 27. Qh6 Ke8 28. Qxh7 Kd8 29. Rg8+ Re8 30. Bf6# 1-0

[Event "*** Titled Tuesday Blitz"]
[Site "Chess.com"]
[Date "2020.12.01"]
[Round "8"]
[White "Nikolakis2014"]
[Black "GMStefanova"]
[Result "1-0"]
[WhiteElo "2714"]
[BlackElo "2536"]
[TimeControl "180+1"]
[EndTime "11:25:19 PST"]
[Termination "Nikolakis2014 won on time"]

1. Nf3 d5 2. d4 Nf6 3. c4 c6 4. Nc3 a6 5. c5 Bf5 6. Bf4 Nbd7 7. e3 e6 8. h3 h6 9. Bd3 Bxd3 10. Qxd3 b6 11.
b4 a5 12. b5 Qc8 13. bxc6 Qxc6 14. Nb5 bxc5 15. Nc7+ Kd8 16. Nxa8 c4 17. Qc2 Bb4+ 18. Ke2 Qxa8 19. a3 Be7 20. Rhb1 Ne4 21. Kf1 Bd6 22. Rb5 Ke7 23. Rab1 Bxf4 24. exf4 Nd6 25. R5b2 Qa7 26.
Ne5 Rc8 27. Qa4 c3 28. Rb7 Qa6+ 29. Kg1 1-0

[Event "*** Titled Tuesday Blitz"]
[Site "Chess.com"]
[Date "2020.12.01"]
[Round "8"]
[White "Orest_Vovk"]
[Black "JoliyRoger"]
[Result "1-0"]
[WhiteElo "2557"]
[BlackElo "2397"]
[TimeControl "180+1"]
[EndTime "11:25:19 PST"]
[Termination "Orest_Vovk won on time"]

1. g4 d6 2. Bg2 c6 3. h3 g6 4.
d4 Bg7 5. Nc3 d5 6. Bf4 Nd7 7.
Nf3 Qb6 8. b3 e6 9. Qd2 a6 10.
Na4 Qd8 11. O-O Ngf6 12. Ne5 O-O 13. c4 Ne4 14. Bxe4 dxe4 15. Nxd7 Bxd7 16. Be5 f6 17. Bd6 Re8 18. c5 e5 19. d5 h5 20. f3 exf3 21. exf3 e4 22. Rae1 exf3 23. Nb6 Rxe1 24. Rxe1 hxg4 25.
Nxa8 Qxa8 26. Re7 Bf5 27. hxg4 Bxg4 28. dxc6 bxc6 29. Qe3 Bf8 30. Re8 Qb7 31. Rxf8+ Kg7 32. Qe7+ Qxe7 33. Bxe7 f5 34. Rf6 1-0

[Event "*** Titled Tuesday Blitz"]
[Site "Chess.com"]
[Date "2020.12.01"]
[Round "8"]
[White "Morshynska"]
[Black "MF1966Idrisov"]
[Result "1-0"]
[WhiteElo "2280"]
[BlackElo "2375"]
[TimeControl "180+1"]
[EndTime "11:25:24 PST"]
[Termination "Morshynska won by resignation"]

1. Nf3 d5 2. g3 Nf6 3. Bg2 b6 4. O-O Bb7 5. d4 e6 6. c4 Nbd7 7. Nbd2 Bd6 8. b3 O-O 9. Bb2 Rc8 10. Rc1 c5 11. e3 Qe7 12. Ne5 cxd4 13. exd4 Ba3 14.
Bxa3 Qxa3 15. Rc2 Nxe5 16. dxe5 Nd7 17. cxd5 Bxd5 18. Bxd5 exd5 19. Nf3 Qa5 20. Qd3 Rxc2 21. Qxc2 Qc5 22. Qf5 Rd8 23. Ng5 h6 24. Qxf7+ Kh8 25. Ne6 1-0

[Event "*** Titled Tuesday Blitz"]
[Site "Chess.com"]
[Date "2020.12.01"]
[Round "8"]
[White "Iskusnyh"]
[Black "AlexTriapishko"]
[Result "0-1"]
[WhiteElo "2619"]
[BlackElo "2805"]
[TimeControl "180+1"]
[EndTime "11:25:25 PST"]
[Termination "AlexTriapishko won on time"]

1. d4 Nf6 2. c4 e6 3. g3 d5 4. Nf3 dxc4 5. Bg2 Bb4+ 6. Nc3 O-O 7. O-O Nc6 8. a3 Be7 9. e3 Na5 10. Qe2 Rb8 11. Ne5 b5 12. a4 b4 13. Ne4 Bb7 14.
Nxf6+ Bxf6 15. Bxb7 Rxb7 16. Nxc4 c5 17. Nxa5 Qxa5 18.
dxc5 Qxc5 19. Rb1 b3 20. Bd2 h5 21. Rbc1 Qf5 22. Bc3 Bxc3 23. Rxc3 Rb4 24. a5 h4 25. Rfc1 h3 26. Qf1 Rb5 27. e4 Qxe4 28. Qxh3 Rxa5 29. Rc8 Qe5 0-1

[Event "*** Titled Tuesday Blitz"]
[Site "Chess.com"]
[Date "2020.12.01"]
[Round "8"]
[White "FrostNova"]
[Black "ArjunErigaisi2003"]
[Result "1-0"]
[WhiteElo "3023"]
[BlackElo "2935"]
[TimeControl "180+1"]
[EndTime "11:25:26 PST"]
[Termination "FrostNova won by resignation"]

1. e4 e6 2. d4 d5 3. Nc3 Bb4 4. e5 c5 5. a3 Bxc3+ 6. bxc3 Qa5 7. Bd2 Qa4 8. Qg4 Kf8 9. Qd1 b6 10. h4 Ba6 11. Nf3 Bxf1 12. Kxf1 Nc6 13. h5 h6 14. Rh4 cxd4 15. cxd4 Nge7 16. Rf4 Rc8 17. Kg1 Ke8 18. Bb4 a5 19. Bd6 g5 20. hxg6 Nxg6 21.
Rf6 Nce7 22. Rb1 Qxc2 23. Qxc2 Rxc2 24. Rxb6 Nc8 25. Rb8 Rh7 26. Bc5 Kd7 27. Rxg6 Kc7 28.
Rxc8+ Kxc8 29. Rg8+ Kb7 30. g4 Kc6 31. Kg2 Kb5 32. Kg3 Kc4 33. Ra8 Rg7 34. Rh8 Rg6 35. Nh4 Rg5 36. Rxh6 Kd3 37. Rf6 Ke2 38. Rxf7 Rc3+ 39.
Rf3 1-0

[Event "*** Titled Tuesday Blitz"]
[Site "Chess.com"]
[Date "2020.12.01"]
[Round "8"]
[White "ChristopherYoo"]
[Black "xamax2000"]
[Result "1-0"]
[WhiteElo "2854"]
[BlackElo "2652"]
[TimeControl "180+1"]
[EndTime "11:25:26 PST"]
[Termination "ChristopherYoo won by resignation"]

1. e4 c5 2. Nc3 d6 3. Bb5+ Bd7 4. Bxd7+ Qxd7 5. d4 cxd4 6. Qxd4 Nc6 7. Qd3 Nf6 8.
Nf3 g6 9. O-O Bg7 10. Nd5 O-O 11. Bg5 Ne8 12. c3 Nc7 13. Rad1 Ne6 14. Be3 Rfc8 15.
Rfe1 b5 16. Qxb5 Rab8 17. Qe2 Qb7 18. b3 a5 19. c4 Nc5 20. Bxc5 dxc5 21. e5 Rd8 22. e6 f5 23. Qe3 Nd4 24. Nxd4 cxd4 25. Qg5 Re8 26. h4 Rbd8 27. h5 Rxd5 28. cxd5 Qxd5 29. hxg6 h6 30. Qf4 Rd8 31. Rd3 Rd6 32.
Rf3 d3 33. Qd2 Rxe6 34. Rxe6 Qxe6 35. Qxd3 Qxg6 36. Qxf5 1-0

[Event "*** Titled Tuesday Blitz"]
[Site "Chess.com"]
[Date "2020.12.01"]
[Round "8"]
[White "GameOverBro"]
[Black "CM_rui"]
[Result "1-0"]
[WhiteElo "2522"]
[BlackElo "2377"]
[TimeControl "180+1"]
[EndTime "11:25:26 PST"]
[Termination "GameOverBro won by resignation"]

1. e4 e5 2. Nf3 Nc6 3. Bb5 a6 4. Ba4 Nf6 5. d4 b5 6. Bb3 exd4 7. e5 Ne4 8. Bd5 Nc5 9. Nxd4 Qe7 10. O-O Bb7 11.
Nc3 O-O-O 12. Re1 Qh4 13. Nf3 Qg4 14. h3 Qb4 15. a3 Qa5 16. Bxc6 dxc6 17. Qe2 Qb6 18.
Be3 h6 19. b4 g5 20. a4 g4 21. hxg4 Rg8 22. Ne4 Rxg4 23. Nxc5 Rxb4 24. a5 Qa7 25.
Ne6 c5 26. Nxd8 Kxd8 27. Red1+ Kc8 28. Qd3 Bxf3 29. Qf5+ Kb7 30. Qxf3+ Kc8 31. Qxf7 1-0

[Event "*** Titled Tuesday Blitz"]
[Site "Chess.com"]
[Date "2020.12.01"]
[Round "8"]
[White "cukin84"]
[Black "orestn"]
[Result "0-1"]
[WhiteElo "2173"]
[BlackElo "2313"]
[TimeControl "180+1"]
[EndTime "11:25:27 PST"]
[Termination "orestn won by resignation"]

1. e4 e5 2. Nf3 Nc6 3. c3 Nf6 4. d4 Nxe4 5. d5 Bc5 6. dxc6 Bxf2+ 7. Ke2 Bb6 8. Qa4 Nf2 9. Rg1 dxc6 10. Qc2 e4 11. Nd4 Nd3 12. Be3 c5 13. Nf3 exf3+ 14. gxf3 Bf5 15. Qa4+ c6 16. Nd2 Qe7 17. Ne4 O-O-O 18.
Qb3 Be6 19. Qc2 h6 20. b3 f5 21. Nf2 c4 22. Bxb6 axb6 23. Kd2 Nb4+ 0-1

[Event "*** Titled Tuesday Blitz"]
[Site "Chess.com"]
[Date "2020.12.01"]
[Round "8"]
[White "NMZanette"]
[Black "AniJak"]
[Result "0-1"]
[WhiteElo "2258"]
[BlackElo "2388"]
[TimeControl "180+1"]
[EndTime "11:25:28 PST"]
[Termination "AniJak won by resignation"]

1. e4 c6 2. d4 d5 3. e5 Bf5 4. Nf3 e6 5. Be2 Nd7 6. O-O Ne7 7. Nh4 Qc7 8. c3 h6 9. Nxf5 Nxf5 10. Bd3 g6 11. Re1 c5 12. Be3 c4 13. Bc2 O-O-O 14.
b3 Kb8 15. bxc4 dxc4 16. Nd2 Nb6 17. Ne4 Nd5 18. Qb1 Ka8 19. a4 Be7 20. Qb2 f6 21. exf6 Nxf6 22. a5 Nd5 23. Nd2 a6 24. Be4 Bd6 25.
Nf1 g5 26. Reb1 Nfxe3 27. fxe3 Rhf8 28. Ra4 Rf7 29. h3 Rdf8 30. Bf3 h5 31. Bxh5 Rxf1+ 0-1

[Event "*** Titled Tuesday Blitz"]
[Site "Chess.com"]
[Date "2020.12.01"]
[Round "8"]
[White "Duhless"]
[Black "Azerichess"]
[Result "1-0"]
[WhiteElo "3016"]
[BlackElo "2962"]
[TimeControl "180+1"]
[EndTime "11:25:29 PST"]
[Termination "Duhless won by resignation"]

1. d4 d5 2. c4 c5 3. Nf3 cxd4 4. cxd5 Qxd5 5. Nc3 Qa5 6. Nxd4 Nf6 7. e4 Nxe4 8.
Bb5+ Bd7 9. O-O Nxc3 10. Bxd7+ Nxd7 11. bxc3 e5 12. Nf5 O-O-O 13. Rb1 g6 14. Nd6+ Bxd6 15. Qxd6 Qc7 16. Qa3 Qc5 17. Qa4 a6 18. Rb4 Qd5 19.
Be3 Nb8 20. Rfb1 b5 21. c4 bxa4 22. cxd5 Kd7 23. Ba7 1-0

[Event "*** Titled Tuesday Blitz"]
[Site "Chess.com"]
[Date "2020.12.01"]
[Round "8"]
[White "tigra"]
[Black "exoticprincess"]
[Result "0-1"]
[WhiteElo "2776"]
[BlackElo "2913"]
[TimeControl "180+1"]
[EndTime "11:25:29 PST"]
[Termination "exoticprincess won on time"]

1. Nf3 d5 2. g3 c6 3. Bg2 Bg4 4.
c4 e6 5. cxd5 Bxf3 6. O-O cxd5 7. Bxf3 Nc6 8. d4 Nf6 9. Nc3 Rc8 10. Kh1 Bb4 11. Nb1 O-O 12. a3 Bd6 13. Nc3 Na5 14.
e4 dxe4 15. Nxe4 Nd5 16. Rb1 h6 17. h4 Nc4 18. Kg2 Be7 19. Rh1 Qb6 20. Qd3 Rfd8 21.
b3 Nxa3 22. Ra1 Nc2 23. Ra4 Ndb4 24. Qf1 Rxd4 25. Nd2 Nd3 26. Rxd4 Qxd4 27. Bxb7 Nce1+ 28. Kh2 Rxc1 29. Qe2 Qxf2+ 30. Qxf2 Nxf2 31. Rf1 Ned3 0-1

[Event "*** Titled Tuesday Blitz"]
[Site "Chess.com"]
[Date "2020.12.01"]
[Round "8"]
[White "nitpicker"]
[Black "amatatanav"]
[Result "1-0"]
[WhiteElo "2268"]
[BlackElo "2382"]
[TimeControl "180+1"]
[EndTime "11:25:30 PST"]
[Termination "nitpicker won on time"]

1. d4 Nf6 2. c4 e6 3. g3 d5 4. Nf3 Bb4+ 5. Bd2 Be7 6. Qc2 O-O 7. Bg2 Nbd7 8. O-O c6 9. Rd1 b6 10. Bf4 Bb7 11. Nbd2 Rc8 12. Rac1 c5 13. Qb1 cxd4 14. cxd5 Bxd5 15. Ne5 Rxc1 16. Rxc1 Nxe5 17. Bxe5 Bxg2 18. Kxg2 Qd5+ 19. Nf3 Ng4 20. Bxd4 e5 21. Qf5 Qxa2 22. Nxe5 Nxe5 23. Bxe5 Qd5+ 24. e4 Qb5 25. Rc7 Re8 26.
Rxa7 f6 27. Qe6+ Kf8 28. Bd6 1-0

[Event "*** Titled Tuesday Blitz"]
[Site "Chess.com"]
[Date "2020.12.01"]
[Round "8"]
[White "BlixLT"]
[Black "kinga2008"]
[Result "0-1"]
[WhiteElo "2320"]
[BlackElo "2196"]
[TimeControl "180+1"]
[EndTime "11:25:31 PST"]
[Termination "kinga2008 won by resignation"]

1. d4 g6 2. e4 Bg7 3. Nc3 d6 4. g3 e5 5. dxe5 dxe5 6. Qxd8+ Kxd8 7. Be3 c6 8. O-O-O+ Kc7 9. f4 Bg4 10. Rd2 Nd7 11.
h3 Be6 12. Nf3 Ne7 13. g4 Rad8 14. f5 gxf5 15. gxf5 Bxf5 16. exf5 Nxf5 17. Bg5 f6 18. Bh4 Bh6 19. Bd3 Nxh4 20. Nxh4 Nc5 21. Rd1 Nxd3+ 22. cxd3 Rxd3 23. Nf5 Bxd2+ 24. Rxd2 Rhd8 25. Ne4 Rxd2 26. Nxd2 Kd7 27. Ng3 Ke6 28. Nge4 b6 29. Kd1 f5 30. Nf2 e4 31. Ke2 b5 32. a4 Ke5 33. axb5 cxb5 34.
Nd1 f4 35. Nc3 f3+ 36. Ke1 f2+ 37. Ke2 Rxd2+ 0-1

[Event "*** Titled Tuesday Blitz"]
[Site "Chess.com"]
[Date "2020.12.01"]
[Round "8"]
[White "MoreChessJulia"]
[Black "marabu44"]
[Result "1/2-1/2"]
[WhiteElo "2114"]
[BlackElo "2266"]
[TimeControl "180+1"]
[EndTime "11:25:32 PST"]
[Termination "Game drawn by agreement"]

1. d4 d5 2. c4 e6 3. Nc3 c5 4. e3 Nc6 5. Nf3 cxd4 6. exd4 Nf6 7. a3 Be7 8. Bd3 dxc4 9. Bxc4 O-O 10.
O-O a6 11. Be3 b5 12. Ba2 Bb7 13. d5 exd5 14. Nd4 Nxd4 15. Bxd4 Qd7 16. Bxf6 Bxf6 17. Nxd5 Bxd5 18. Bxd5 Rad8 19. Bf3 Bxb2 20. Qxd7 Rxd7 21. Ra2 Bf6 22. Rb1 Rc7 23. g3 Rd8 24. a4 Rc3 25.
Kg2 bxa4 26. Rxa4 Rc2 27. Rxa6 h6 28. Be4 Re2 29. Kf3 Red2 30. Re1 Rb2 31. Re2 Rb3+ 32. Kg2 Rb5 33. h4 Re5 34. Bf3 Rde8 35. Rxe5 Bxe5 36. Ra7 Rd8 37. Ra5 f6 38. Bd5+ Kh8 39. Rb5 Rb8 40.
Rxb8+ Bxb8 41. f3 g6 42. h5 gxh5 43. Bf7 h4 44. gxh4 Kg7 45. Be8 f5 46. Kh3 Kf6 47.
Bd7 Bc7 48. Bc8 Bb8 49. Bd7 1/2-1/2

[Event "*** Titled Tuesday Blitz"]
[Site "Chess.com"]
[Date "2020.12.01"]
[Round "8"]
[White "r31415"]
[Black "Pelopidass"]
[Result "1-0"]
[WhiteElo "2492"]
[BlackElo "2560"]
[TimeControl "180+1"]
[EndTime "11:25:33 PST"]
[Termination "r31415 won by resignation"]

1. e4 c5 2. Nf3 d6 3. d4 cxd4 4. Nxd4 Nf6 5. Nc3 a6 6. h3 e5 7. Nde2 Be7 8. g4 Be6 9. Bg2 Nbd7 10. Be3 b5 11. Ng3 Nb6 12. O-O g6 13. f4 Nc4 14.
Bc1 Qb6+ 15. Kh2 Bxg4 16. hxg4 h5 17. gxh5 Nxh5 18. Bh3 exf4 19. Bxf4 Ne3 20. Bxe3 Qxe3 21. Rf3 Qg5 22. Qd5 Qh4 23. Qxa8+ Bd8 24. Qc6+ Kf8 25. Qxd6+ Be7 26. Qxg6 Qxh3+ 27. Kxh3 Nf4+ 28. Kg4 Nxg6 29. Rf5 Nh4 30. Rh5 Rg8+ 31. Kh3 Ng6 32. Nd5 Bd6 33. Nf5 Be5 34. c3 f6 35. a4 b4 36. cxb4 Kf7 37.
Nh6+ 1-0

[Event "*** Titled Tuesday Blitz"]
[Site "Chess.com"]
[Date "2020.12.01"]
[Round "8"]
[White "CoachHakia"]
[Black "Joel1285"]
[Result "1-0"]
[WhiteElo "2145"]
[BlackElo "1833"]
[TimeControl "180+1"]
[EndTime "11:25:34 PST"]
[Termination "CoachHakia won on time"]

1. d4 Nf6 2. Bg5 c5 3. Bxf6 gxf6 4. d5 Qb6 5. Qc1 Bg7 6. c4 f5 7. Nc3 d6 8. e3 e6 9. Bd3 O-O 10. Nge2 Na6 11. a3 Nc7 12. Qc2 Bd7 13. Rg1 h6 14. g4 fxg4 15. Rxg4 f5 16. Rg2 e5 17. O-O-O Rf7 18.
Rdg1 Raf8 19. f4 e4 20. Nxe4 fxe4 21. Bxe4 Ne8 22. Bg6 Re7 23. Bxe8 Bxe8 24. f5 Rf6 25. Nf4 1-0

[Event "*** Titled Tuesday Blitz"]
[Site "Chess.com"]
[Date "2020.12.01"]
[Round "8"]
[White "kuban1991"]
[Black "TimurGareyev"]
[Result "0-1"]
[WhiteElo "2816"]
[BlackElo "2701"]
[TimeControl "180+1"]
[EndTime "11:25:35 PST"]
[Termination "TimurGareyev won by resignation"]

1. Nf3 d6 2. d4 Bg4 3. Nc3 Nd7 4. e4 c6 5. Be3 e6 6. h3 Bh5 7. Bd3 d5 8. Qd2 Bb4 9. a3 Ba5 10. e5 Ne7 11. g4 Bg6 12. b4 Bc7 13. Ne2 f6 14. Nf4 Bf7 15. exf6 gxf6 16. Nh5 Bxh5 17.
gxh5 e5 18. dxe5 fxe5 19. Ng5 Nf8 20. f4 h6 21. O-O-O d4 22. Bc4 hxg5 23. fxg5 dxe3 24. Qxe3 Nd5 25. Qe4 Qxg5+ 26. Kb2 O-O-O 27. Rhg1 Qxh5 28. Bxd5 cxd5 29. Rxd5 Rxd5 30. Qxd5 Nd7 31. Rg7 Rd8 32.
Qe6 e4 33. Re7 Qe5+ 34. Qxe5 Bxe5+ 0-1

[Event "*** Titled Tuesday Blitz"]
[Site "Chess.com"]
[Date "2020.12.01"]
[Round "8"]
[White "tk22h"]
[Black "Gerodot71"]
[Result "0-1"]
[WhiteElo "2328"]
[BlackElo "2472"]
[TimeControl "180+1"]
[EndTime "11:25:35 PST"]
[Termination "Gerodot71 won by resignation"]

1. c4 e5 2. Nc3 Nf6 3. Nf3 Nc6 4. g3 d5 5. cxd5 Nxd5 6. Bg2 Nb6 7. O-O Bc5 8. d3 O-O 9. Bg5 f6 10. Bd2 Be6 11. Rc1 Be7 12. a3 Qd7 13. Na4 Rad8 14. Nc5 Bxc5 15. Rxc5 Bh3 16. Qb3+ Kh8 17. Rfc1 Bxg2 18.
Kxg2 Rc8 19. Be3 Rfd8 20. a4 a5 21. Qb5 Rb8 22. Bd2 Ra8 23. Bc3 Rdb8 24. b3 Nc8 25. Rd5 Nd6 26. Qc5 b6 27. Qe3 Qe6 28. Rxd6 cxd6 29. Bd2 Ne7 30. Qe4 d5 31. Qh4 Ng6 32.
Qh5 d4 33. Rc4 Rc8 34. h4 Rxc4 35. bxc4 Qe8 36. Qf5 Ne7 37. Qe6 Nc6 38. Qd5 Rd8 39.
Qb5 Rb8 40. h5 Nb4 41. Qxe8+ Rxe8 42. Nh4 Kg8 43. Nf5 Re6 44. Kf3 g6 45. hxg6 hxg6 46.
Nh4 Kg7 47. g4 Na6 48. Ke4 Rd6 49. g5 Nc5+ 50. Kf3 f5 0-1

[Event "*** Titled Tuesday Blitz"]
[Site "Chess.com"]
[Date "2020.12.01"]
[Round "8"]
[White "Kavyev_Ruslan"]
[Black "sopo-tereladze"]
[Result "1-0"]
[WhiteElo "2522"]
[BlackElo "2313"]
[TimeControl "180+1"]
[EndTime "11:25:36 PST"]
[Termination "Kavyev_Ruslan won on time"]

1. d4 Nf6 2. c4 e6 3. Nf3 d5 4. g3 Be7 5. Bg2 O-O 6. Nc3 dxc4 7. Ne5 Nc6 8. Bxc6 bxc6 9. Nxc6 Qe8 10. Nxe7+ Qxe7 11. Qa4 Bb7 12. O-O e5 13. dxe5 Qxe5 14. Qxc4 Qh5 15.
f3 Rfe8 16. e4 Rad8 17. Be3 Nd7 18. Rad1 h6 19. Qxc7 Bc8 20. Nd5 Kh7 21. Kg2 Ba6 22.
Rf2 Qe5 23. Qxa7 Bb5 24. Nc7 Nf6 25. Rxd8 Rxd8 26. Bf4 Qh5 27. Nxb5 Qxb5 28. Qxf7 Rd1 29. e5 Nd5 30. Qf5+ Kh8 31. Qf8+ Kh7 32. e6 Qa5 33. e7 Qe1 34. e8=Q Qh1+ 35. Kh3 1-0

[Event "*** Titled Tuesday Blitz"]
[Site "Chess.com"]
[Date "2020.12.01"]
[Round "8"]
[White "DinaBelenkaya"]
[Black "Enriquack"]
[Result "1-0"]
[WhiteElo "2395"]
[BlackElo "2284"]
[TimeControl "180+1"]
[EndTime "11:25:38 PST"]
[Termination "DinaBelenkaya won by resignation"]

1. e4 c5 2. Nc3 e6 3. g3 Nc6 4. Bg2 a6 5. Nf3 b6 6. O-O Bb7 7. d4 cxd4 8. Nxd4 Nge7 9. e5 Qc7 10. Bf4 Ng6 11. Re1 Nxf4 12. gxf4 Nxd4 13. Qxd4 Bxg2 14. Kxg2 d6 15. Rad1 dxe5 16. fxe5 Bc5 17. Qg4 O-O 18.
Rd3 Rad8 19. Rg3 g6 20. Qh4 Be7 21. Qh6 Rd4 22. Rh3 Qb7+ 23. Ne4 1-0

[Event "*** Titled Tuesday Blitz"]
[Site "Chess.com"]
[Date "2020.12.01"]
[Round "8"]
[White "MIJuanReyesRosa"]
[Black "ARTHURMOTIVATOR"]
[Result "1-0"]
[WhiteElo "2077"]
[BlackElo "2218"]
[TimeControl "180+1"]
[EndTime "11:25:38 PST"]
[Termination "MIJuanReyesRosa won by resignation"]

1. d4 Nf6 2. Nf3 c5 3. c4 cxd4 4. Nxd4 e5 5. Nb5 d5 6. cxd5 Bc5 7. Qc2 Bb6 8. Nd6+ Qxd6 9. Qxc8+ Bd8 10. Qxb7 Qxd5 11.
Qxd5 Nxd5 12. e4 Nb4 13. Bb5+ Ke7 14. Ba4 Nd3+ 15. Ke2 Nxc1+ 16. Rxc1 Bb6 17. Nc3 Bd4 18. Nd5+ Kd6 19. Rc7 Bb6 20. Rac1 Bxc7 21. Nxc7 Nd7 22. Rc6+ Ke7 23. Nxa8 Rxa8 24. Rc7 Rd8 25. Kd3 Kd6 26. Rxd7+ Rxd7 27. Bxd7 Kxd7 28. Kc4 Kc6 29. b4 a6 30. a4 g6 31. b5+ axb5+ 32. axb5+ Kd6 33. b6 f5 34.
exf5 gxf5 35. b7 Kc7 36. Kd5 1-0

[Event "*** Titled Tuesday Blitz"]
[Site "Chess.com"]
[Date "2020.12.01"]
[Round "8"]
[White "Kretov_Evgenij"]
[Black "kingofthenil"]
[Result "1-0"]
[WhiteElo "2501"]
[BlackElo "2723"]
[TimeControl "180+1"]
[EndTime "11:25:41 PST"]
[Termination "Kretov_Evgenij won by resignation"]

1. d4 g6 2. c4 Bg7 3. Nc3 Nh6 4. e4 O-O 5. Be2 c5 6. Nf3 Nc6 7. d5 Nd4 8. Be3 Ng4 9. Nxd4 Nxe3 10. fxe3 cxd4 11.
exd4 Qb6 12. Na4 Qxd4 13. Qxd4 Bxd4 14. Rd1 Be5 15. g3 d6 16. Rd3 Bd7 17. Nc3 Rac8 18. b3 b5 19. Nxb5 Bxb5 20. cxb5 Rc2 21. a4 Rb2 22.
Kf2 f5 23. exf5 gxf5 24. Rc1 f4 25. g4 Rf6 26. h4 h6 27. Kf3 Rf8 28. Rc7 Kf7 29.
Rxa7 Rc2 30. b6 Rb8 31. a5 Rc5 32. b7 e6 33. a6 Rb5 34. Ra8 R8xb7 35. axb7 Rxb7 36.
g5 hxg5 37. hxg5 exd5 38. Kg4 Rb4 39. Kf5 Kg7 40. Ra7+ Kf8 41. g6 f3 42. Rxf3 Kg8 43.
Ke6 1-0

[Event "*** Titled Tuesday Blitz"]
[Site "Chess.com"]
[Date "2020.12.01"]
[Round "8"]
[White "ljuks68"]
[Black "chessmachine14"]
[Result "1-0"]
[WhiteElo "2378"]
[BlackElo "2247"]
[TimeControl "180+1"]
[EndTime "11:25:41 PST"]
[Termination "ljuks68 won on time"]

1. e4 c5 2. Nf3 e6 3. d4 cxd4 4. Nxd4 Nf6 5. Nc3 d6 6. Bg5 Be7 7. f4 O-O 8. Qf3 Nc6 9. O-O-O Nxd4 10. Rxd4 Qb6 11. Rd2 Qa5 12. Bc4 Bd7 13. Re1 Rac8 14.
Bb3 Bc6 15. Qg3 Nh5 16. Qh4 Bxg5 17. fxg5 g6 18. Rxd6 Qe5 19. Rd2 b5 20. a3 a5 21.
Ne2 b4 22. a4 Bxe4 23. Nd4 Nf4 24. g3 1-0

[Event "*** Titled Tuesday Blitz"]
[Site "Chess.com"]
[Date "2020.12.01"]
[Round "8"]
[White "Michaelson_11"]
[Black "hleol"]
[Result "0-1"]
[WhiteElo "2166"]
[BlackElo "2331"]
[TimeControl "180+1"]
[EndTime "11:25:42 PST"]
[Termination "hleol won by checkmate"]

1. e4 c6 2. d4 d5 3. Nd2 dxe4 4. Nxe4 Bf5 5. Ng3 Bg6 6. Nf3 Nd7 7. h4 h6 8. h5 Bh7 9. Bd3 Bxd3 10. Qxd3 Qc7 11.
Bd2 Ngf6 12. O-O-O e6 13. Ne4 O-O-O 14. c4 c5 15. Bc3 Nxe4 16. Qxe4 Nf6 17. Qe2 cxd4 18. Nxd4 a6 19. Kb1 Bd6 20. f3 Rd7 21. g4 Rhd8 22.
Nb3 Kb8 23. Qf2 Bf4 24. Rxd7 Nxd7 25. Ba5 b6 26. Bc3 Ne5 27. c5 Nd3 28. cxb6 Qxc3 29.
bxc3 Nxf2 30. Rf1 Rd1+ 31. Rxd1 Nxd1 32. Kc2 Ne3+ 33. Kd3 Nd5 34. Ke4 Bh2 35. Nc5 Nxb6 36. Nxa6+ Kc8 37. Nc5 Nd5 38. c4 Nc3+ 39. Kd4 Nxa2 40.
Nd3 Bg1+ 41. Ke5 Kd7 42. f4 Nc3 43. g5 Ke7 44. c5 f6+ 45. gxf6+ gxf6# 0-1

[Event "*** Titled Tuesday Blitz"]
[Site "Chess.com"]
[Date "2020.12.01"]
[Round "8"]
[White "Nadtkins"]
[Black "KetiGrant"]
[Result "1-0"]
[WhiteElo "2512"]
[BlackElo "2371"]
[TimeControl "180+1"]
[EndTime "11:25:44 PST"]
[Termination "Nadtkins won by resignation"]

1. Nf3 Nf6 2. g3 g6 3. b3 Bg7 4. Bb2 O-O 5. Bg2 c5 6. c4 d5 7. cxd5 Nxd5 8. Bxg7 Kxg7 9. Qc1 b6 10. O-O Bb7 11. Rd1 Nd7 12. Qb2+ N5f6 13. d4 cxd4 14.
Rxd4 Qc7 15. Nc3 Rac8 16. Nb5 Qc2 17. Qxc2 Rxc2 18. Ne1 Rc5 19. Bxb7 Rxb5 20. Bc6 Re5 21. Bxd7 Rxe2 22. Bb5 Rb2 23. Nf3 h5 24. Rd2 Rxd2 25. Nxd2 Rc8 26. Bc4 Ng4 27. f4 Ne3 28. a4 e6 29. Kf2 Nf5 30. Nf3 Rc5 31. Rd1 1-0

[Event "*** Titled Tuesday Blitz"]
[Site "Chess.com"]
[Date "2020.12.01"]
[Round "8"]
[White "Smile2005"]
[Black "Kolle05"]
[Result "1-0"]
[WhiteElo "2338"]
[BlackElo "2431"]
[TimeControl "180+1"]
[EndTime "11:25:44 PST"]
[Termination "Smile2005 won by resignation"]

1. Nf3 Nf6 2. g3 g6 3. Bg2 Bg7 4. O-O O-O 5. d3 d6 6. Nc3 c5 7. e4 Nc6 8. Bg5 h6 9. Bf4 e5 10. Bc1 Be6 11. Nd2 Nd7 12. Nc4 Qe7 13. Nb5 Bxc4 14.
dxc4 Nd4 15. Nc3 a6 16. Nd5 Qd8 17. c3 Nc6 18. Be3 Nf6 19. Qf3 Nxd5 20. cxd5 Ne7 21. Qd1 f5 22. Qd2 Kh7 23. exf5 Nxf5 24. Be4 b5 25. a4 Nxe3 26. fxe3 h5 27. Qc2 Qg5 28.
Qe2 Bh6 29. axb5 axb5 30. Rxa8 Qxe3+ 31. Qxe3 Bxe3+ 32. Kg2 Rxa8 33. Rf7+ Kg8 34. Bxg6 Ra2 35. Rd7 Rxb2+ 36. Kh3 b4 37. cxb4 cxb4 38. Rxd6 b3 39. Rd7 Rd2 40. Rb7 b2 41. Bxh5 Kf8 42. Bg6 Bg1 43. Kg4 Bxh2 44. Kf5 Bg1 45. Ke6 Kg8 46. g4 Bd4 47. Bf5 Bc3 48. d6 Rd1 49. d7 Kf8 50. Rb8+ Kg7 51. d8=Q Rxd8 52. Rxd8 e4 53.
Bxe4 1-0